 Dungeon Crawl Stone Soup version 0.28-b1-25-g9875b3fc8c (webtiles) character file.

Game seed: 13302458781864004265

106304 dorian the Tortoise (level 16, -12/88 HPs)
             Began as a Gargoyle Fighter on Feb 7, 2022.
             Was the Champion of the Shining One.
             Killed from afar by Roxanne (23 damage)
             ... with an iron shot
             ... on level 15 of the Dungeon.
             The game lasted 01:02:15 (28626 turns).

dorian the Tortoise (Gargoyle Fighter)             Turns: 28626, Time: 01:02:16

Health: -12/88     AC: 43    Str: 22    XL:     16   Next: 43%
Magic:  0/26       EV:  7    Int: 23    God:    the Shining One [******]
Gold:   691        SH:  0    Dex: 18    Spells: 15/15 levels left

rFire   + + +      SeeInvis +   E - +5 battleaxe of the Wheel {elec, rCorr Str+3 Dex+7}
rCold   + + .      Faith    .   (shield currently unavailable)
rNeg    + + +      Spirit   +   F - +0 gold dragon scales
rPois   ∞          Reflect  .   a - +2 hat "Luc Donur" {rF+ Int+5}
rElec   +          Harm     .   (no cloak)
rCorr   +          Rampage  +   V - +2 pair of gloves of Veorekh {Contam Regen+ Int+6}
Will    +....                   G - +1 pair of boots {rampage}
Stlth   ..........              S - amulet "Fomycico" {Spirit rF+ rC+ Str-3}
HPRegen 1.04/turn               y - +4 ring of slaying
MPRegen 0.20/turn               H - ring "Addedd" {rElec rCorr Str-2 Int+3 SInv}

@: flying, glowing, unable to read
A: sickness immunity, AC +12, big wings, negative energy resistance 1,
electricity resistance, torment resistance 1, petrification resistance, weak 1,
subdued magic 1, inability to read while threatened, sturdy frame 1
a: Renounce Religion, Divine Shield, Cleansing Flame, Summon Divine Warrior,
Brand Weapon With Holy Wrath


You were on level 15 of the Dungeon.
You worshipped the Shining One.
The Shining One was exalted by your worship.
You visited 4 branches of the dungeon, and saw 24 of its levels.
You also visited: Bailey, Gauntlet and Volcano.

You collected 2758 gold pieces.
You spent 2067 gold pieces at shops.

Inventory:

Hand Weapons
 E - the +5 battleaxe of the Wheel (weapon) {elec, rCorr Str+3 Dex+7}
   (You acquired it on level 9 of the Dungeon)

   It occasionally discharges a powerful burst of electricity upon striking a
   foe.
   Str:       It affects your strength (+3).
   Dex:       It affects your dexterity (+7).
   rCorr:     It protects you from acid and corrosion.
 Z - a +2 battleaxe of flaming
Missiles
 s - 37 boomerangs (quivered)
 R - 22 javelins
Armour
 a - the +2 hat "Luc Donur" (worn) {rF+ Int+5}
   (You found it on level 2 of the Orcish Mines)

   Int:       It affects your intelligence (+5).
   rF:        It protects you from fire.
 h - a +1 tower shield
 u - a +0 hat of willpower
 F - +0 gold dragon scales (worn)
 G - a +1 pair of boots of rampaging (worn)
 V - the +2 pair of gloves of Veorekh (worn) {Contam Regen+ Int+6}
   (You found it in a Gauntlet)

   Int:       It affects your intelligence (+6).
   Contam:    It causes magical contamination when unequipped.
   Regen:     It increases your rate of health regeneration.
Jewellery
 b - an amulet of regeneration
 e - a +4 ring of protection
 g - a ring of protection from fire
 y - a +4 ring of slaying (left hand)
 H - the ring "Addedd" (right hand) {rElec rCorr Str-2 Int+3 SInv}
   (You acquired it on level 15 of the Dungeon)

   [ring of resist corrosion]

   Str:       It affects your strength (-2).
   Int:       It affects your intelligence (+3).
   rElec:     It insulates you from electricity.
   SInv:      It lets you see invisible.
   rCorr:     It protects you from acid and corrosion.
 S - the amulet "Fomycico" (around neck) {Spirit rF+ rC+ Str-3}
   (You acquired it on level 2 of the Dungeon)

   [amulet of guardian spirit]

   It causes incoming damage to be divided between your reserves of health and
   magic.
   Str:       It affects your strength (-3).
   rF:        It protects you from fire.
   rC:        It protects you from cold.
Wands
 c - a wand of paralysis (16)
 l - a wand of mindburst (22)
 v - a wand of iceblast (29)
 C - a wand of charming (7)
 D - a wand of polymorph (9)
 L - a wand of flame (28)
 Q - a wand of digging (10)
Scrolls
 d - 3 scrolls of silence
 f - 2 scrolls of summoning
 i - 2 scrolls of blinking
 j - 3 scrolls of vulnerability
 k - 7 scrolls of immolation
 m - 12 scrolls of identify
 n - 10 scrolls of teleportation
 o - 6 scrolls of enchant armour
 p - 3 scrolls of amnesia
 z - 3 scrolls of holy word
 K - 2 scrolls of enchant weapon
 M - 2 scrolls of fog
 T - a scroll of fear
Potions
 q - 2 potions of magic
 r - 3 potions of berserk rage
 t - a potion of ambrosia
 w - 9 potions of curing
 A - 4 potions of attraction
 I - 2 potions of mutation
 N - 3 potions of cancellation
 O - 2 potions of might
 U - a potion of resistance
 W - 2 potions of brilliance
 Y - a potion of haste
Miscellaneous
 B - a box of beasts
 P - a tin of tremorstones (2/2)


   Skills:
 - Level 6.0 Fighting
 * Level 19.2 Axes
 + Level 19.4 Armour
 - Level 3.2 Shields
 + Level 13.7 Invocations


You had 15 spell levels left.
You didn't know any spells.
Your spell library contained the following spells:

 Spells                   Type           Power      Damage    Failure   Level
 Animate Skeleton         Necr           0%         N/A       89%         1
 Apportation              Tloc           0%         N/A       89%         1
 Magic Dart               Conj           0%         1d3       89%         1
 Pain                     Necr           0%         1d4       89%         1
 Call Imp                 Summ           0%         N/A       96%         2
 Poisonous Vapours        Pois/Air       0%         N/A       96%         2
 Scorch                   Fire           0%         2d5       96%         2
 Static Discharge         Conj/Air       0%         N/A       96%         2
 Wereblood                Tmut           0%         N/A       96%         2
 Call Canine Familiar     Summ           0%         N/A       99%         3
 Dazzling Flash           Conj/Hex       0%         N/A       99%         3
 Ignite Poison            Fire/Tmut/Pois 0%         N/A       99%         3
 Mephitic Cloud           Conj/Pois/Air  0%         N/A       99%         3
 Portal Projectile        Hex/Tloc       0%         N/A       99%         3
 Stone Arrow              Conj/Erth      0%         3d7       99%         3
 Vampiric Draining        Necr           0%         2d6       99%         3
 Animate Armour           Summ/Erth      0%         N/A       100%        4
 Animate Dead             Necr           0%         N/A       100%        4
 Dispel Undead            Necr           0%         3d6       100%        4
 Flame Wave               Conj/Fire      0%         2d4       100%        4
 Fulminant Prism          Conj/Hex       0%         3d6       100%        4
 Iskenderun's Mystic Bla  Conj/Tloc      0%         2d3       100%        4
 Leda's Liquefaction      Hex/Erth       0%         N/A       100%        4
 Olgreb's Toxic Radiance  Pois           0%         N/A       100%        4
 Passage of Golubria      Tloc           0%         N/A       100%        4
 Sticky Flame             Conj/Fire      0%         2d3       100%        4
 Summon Ice Beast         Ice/Summ       0%         N/A       100%        4
 Summon Lightning Spire   Summ/Air       0%         N/A       100%        4
 Agony                    Necr           0%         N/A       100%        5
 Alistair's Intoxication  Tmut/Pois      0%         N/A       100%        5
 Borgnjor's Vile Clutch   Necr/Erth      0%         N/A       100%        5
 Fireball                 Conj/Fire      0%         3d3       100%        5
 Freezing Cloud           Conj/Ice/Air   0%         6-21      100%        5
 Iskenderun's Battlesphe  Conj           0%         2d6       100%        5
 Lee's Rapid Deconstruct  Erth           0%         3d5*      100%        5
 Silence                  Hex/Air        0%         N/A       100%        5
 Summon Mana Viper        Hex/Summ       0%         N/A       100%        5
 Conjure Ball Lightning   Conj/Air       0%         3x3d6     100%        6
 Death Channel            Necr           0%         N/A       100%        6
 Summon Cactus Giant      Summ           0%         N/A       100%        6
 Malign Gateway           Summ/Tloc      0%         N/A       100%        7
 Orb of Destruction       Conj           0%         9d5       100%        7
 Storm Form               Tmut/Air       0%         N/A       100%        7
 Summon Hydra             Summ           0%         N/A       100%        7
 Lehudib's Crystal Spear  Conj/Erth      0%         10d2      100%        8
 Maxwell's Capacitive Co  Air            0%         ∞         100%        8
 Summon Horrible Things   Summ           0%         N/A       100%        8
 Chain Lightning          Conj/Air       0%         N/A       100%        9
 Fire Storm               Conj/Fire      0%         5d1       100%        9
 Shatter                  Erth           0%         3d5*      100%        9
 Sublimation of Blood     Necr           Unusable   N/A       N/A         2

Dungeon Overview and Level Annotations

Branches:
Dungeon (15/15)            Temple (1/1) D:5            Lair (6/6) D:10
  Swamp (0/4) Lair:2       Spider (0/4) Lair:3        Slime (0/5) Lair:6
    Orc (2/2) D:12            Elf (0/3) Orc:2        Vaults (0/5) D:13
 Bailey (visited)         Volcano (visited)         Gauntlet (visited)
 Depths: D:15

Altars:
Ashenzari
Cheibriados
Dithmenos
Elyvilon
Fedhas
Kikubaaqudgha
Makhleb
Nemelex Xobeh
Okawaru
Qazlal
Ru
Sif Muna
Trog
Uskayaw
Vehumet
Wu Jian
Xom
Yredelemnul
The Shining One
Beogh
Lugonu

Shops:
D:2 ?   D:3 *   D:8 [   D:15 =   Orc:1 [   Orc:2 :?[?

Portals:
Hell: Lair:6

Annotations:
D:3 1 runed translucent door, Camille's ghost, amateur MiFi
D:8 2 transporters
D:15 Roxanne


Innate Abilities, Weirdness & Mutations

You are immune to sickness and miasma.
Your stone body is resilient. (AC +12)
You are immune to poison.
Your large and strong wings let you fly.
You resist negative energy. (rN+)
You are resistant to electric shocks. (rElec)
You are resistant to unholy torment.
You are immune to petrification.
You are weak. (Str -2)
Your spells are a little easier to cast, but a little less powerful.
You sometimes lose the ability to read scrolls when taking damage.
Your movements are slightly less encumbered by armour. (ER -2)


Message History

Roxanne is moderately damaged.
You slice Roxanne!!
Roxanne is heavily damaged.
Roxanne casts a spell.
You blink.
You slash Roxanne!
Roxanne is heavily damaged.
You slice Roxanne!!
Roxanne is severely damaged.
Roxanne mumbles some strange words.
The bolt of magma hits you! You partially resist.
You feel threatened and lose the ability to read scrolls!
You slash Roxanne!
Roxanne is severely damaged.
You slice Roxanne!!
Roxanne is almost destroyed.
Roxanne casts a spell.
The crystal spear hits you!!!
* * * LOW HITPOINT WARNING * * *
Unknown command.
You feel much better.
Roxanne mumbles some strange words.
The bolt of magma hits you!! You partially resist.
You hit Roxanne but do no damage.
Roxanne is almost destroyed.
You hit Roxanne.
Roxanne is almost destroyed.
Roxanne casts a spell.
You blink.
You slash Roxanne!
Roxanne is almost destroyed.
Roxanne casts a spell.
The crystal spear hits you!!
* * * LOW HITPOINT WARNING * * *
Unknown command.
You completely miss Roxanne.
Roxanne is almost destroyed.
Roxanne mumbles some strange words.
The iron shot hits you!!
You die...

≈≈≈.≈≈# ....#
#...#.....# ≈≈≈.≈≈#
#.....# #..#.#....#
≈≈≈.≈≈#
#.....######.#...#.#.#
≈≈≈.≈≈##
$..........#..∩..##.#
≈≈≈....
..........)#(..#...#
.≈≈.≈≈#
#..........#.#...##
....≈≈#
##...........#....#
.≈≈.≈≈#
##§...........######
..≈.≈≈#
#..8@........##
≈.≈.≈≈# #.....########
≈...≈≈# #.#####
≈≈..≈≈### #. #.......#
#. #.......# #.
#.......# #+ #.......#
#.......#


You could see Roxanne.

Vanquished Creatures
  Gastronok (D:10)
  Louise (D:14)
  A reaper (Gauntlet)
  Nessos (D:15)
  A minotaur (Gauntlet)
  Azrael (D:15)
  Fannar (Lair:3)
  12 hydras
  4 boulder beetles
  Erolcha (Orc:2)
  An ogre mage (Orc:2)
  5 two-headed ogres
  A death knight (D:14)
  8 centaur warriors
  A tengu warrior (D:15)
  Urug (Lair:2)
  An orc high priest (Orc:2)
  Nergalle (D:10)
  A sixfirhy (Lair:6)
  A deep troll (D:13)
  A large abomination (D:12)
  2 wizards
  A lindwurm (Lair:2)
  A deep elf archer (Volcano)
  2 orc knights
  9 orc sorcerers
  12 deep elf pyromancers
  12 ugly things
  3 oklob plants (Lair:6)
  A will-o-the-wisp (D:15)
  3 manticores
  3 cyclopes
  9 elephants
  2 torpor snails
  11 black mambas
  Joseph (D:12)
  An orange demon (Lair:6)
  A smoke demon (Lair:6)
  Maggie (D:6)
  An unseen horror (D:12)
  Psyche (D:8)
  5 rime drakes
  15 cane toads
  A demonic crawler (D:12)
  A kobold demonologist (D:10)
  10 komodo dragons
  2 hellwings (Gauntlet)
  An efreet (D:15)
  A komodo dragon (shapeshifter) (D:15)
  4 ice devils (Lair:6)
  A red devil (Lair:6)
  A wolf spider simulacrum (D:15)
  4 trolls
  9 blink frogs
  2 hornets
  A raiju (Gauntlet)
  11 slime creatures
  8 dream sheep
  A shadow (D:11)
  2 jumping spiders (Lair:3)
  2 wraiths
  A vampire (D:11)
  6 fire elementals
  4 basilisks
  3 water elementals
  13 wyverns
  30 yaks
  A redback (Lair:3)
  6 wargs
  20 vampire mosquitoes
  Menkaure (D:4)
  2 acid dragons
  10 hell hounds
  25 water moccasins
  A swamp drake (Orc:2)
  2 ice beasts
  23 orc warriors
  8 ogres
  A black bear (D:8)
  A sky beast (D:7)
  4 small abominations (D:12)
  21 centaurs
  26 wolves
  3 kobold brigands (Bailey)
  A gnoll sergeant (D:8)
  Blork the orc (D:6)
  11 bullfrogs
  2 scorpions (D:10)
  A wyvern zombie (D:5)
  A water moccasin skeleton (D:5)
  11 killer bees
  8 electric eels
  A crimson imp (Orc:2)
  5 centaur zombies
  2 jellies
  17 orc priests
  A centaur skeleton (D:7)
  2 hounds
  An iron imp (Orc:2)
  2 iguanas
  Crazy Yiuf (D:6)
  47 orc wizards
  2 lightning spires (Gauntlet)
  A hound skeleton (D:5)
  3 howler monkey zombies
  6 adders
  7 gnolls
  2 shadow imps
  5 white imps
  2 ufetubi (D:5)
  An adder skeleton (D:4)
  A worm (D:3)
  10 dart slugs
  104 orcs
  12 ball pythons
  16 bats
  5 endoplasms
  2 giant cockroaches (D:4)
  9 goblins
  13 hobgoblins
  15 kobolds
  3 quokkas
  2 frilled lizards
  4 rats
757 creatures vanquished.

Vanquished Creatures (collateral kills)
  Rupert (Lair:3)
  Jorgrun (Orc:1)
  An orc high priest (Orc:1)
  2 orc warriors (Orc:1)
  3 wolves (Lair:3)
  An ogre (Orc:1)
9 creatures vanquished.

Vanquished Creatures (others)
  An ogre (Orc:1)
  An orc wizard (Orc:1)
  2 orcs (Orc:2)
  A bush (D:10)
  28 demonic plants (Gauntlet)
  6 foxfires (D:15)
  25 fungi
  57 plants
121 creatures vanquished.

Grand Total: 887 creatures vanquished

Notes
Turn   | Place    | Note
-------+----------+-------------------------------------------
     0 | D:1      | dorian the Gargoyle Fighter began the quest for the Orb.
     0 | D:1      | Reached XP level 1. HP: 14/14 MP: 1/1
     2 | D:1      | Noticed a felid
     4 | D:1      | Noticed a human
     4 | D:1      | Noticed a demigod
     6 | D:1      | Noticed a tengu
     8 | D:1      | Noticed a minotaur
     8 | D:1      | Noticed an elf
    10 | D:1      | Noticed a merfolk
    12 | D:1      | Noticed a demonspawn
    14 | D:1      | Noticed a spriggan
    14 | D:1      | Noticed a vampire
    16 | D:1      | Noticed a ghoul
    18 | D:1      | Noticed a troll
    18 | D:1      | Noticed a formicid
    20 | D:1      | Noticed a vine stalker
    20 | D:1      | Noticed a gargoyle
    22 | D:1      | Noticed an octopode
    22 | D:1      | Noticed a dwarf
    24 | D:1      | Noticed an ogre
    24 | D:1      | Noticed a naga
    26 | D:1      | Noticed a draconian
   205 | D:1      | Reached XP level 2. HP: 7/19 MP: 2/2
   536 | D:1      | Found a faded altar of an unknown god.
   725 | D:1      | Reached XP level 3. HP: 23/23 MP: 3/3
   859 | D:2      | Found Ufa Noc's Magic Scroll Boutique.
  1358 | D:3      | Found a runed translucent door.
  1359 | D:3      | Noticed a bullfrog
  1360 | D:3      | Noticed Camille's ghost (amateur MiFi)
  1464 | D:3      | Reached XP level 4. HP: 25/29 MP: 4/4
  1506 | D:3      | Found a broken altar of Ashenzari.
  1660 | D:3      | Found Teynnaikh's Assorted Antiques.
  1757 | D:3      | Noticed an ogre
  1762 | D:3      | Killed an ogre
  1763 | D:3      | Reached XP level 5. HP: 22/34 MP: 5/5
  2363 | D:4      | Noticed a centaur
  2366 | D:4      | Gained mutation: You have sharp fingernails. [potion of
                  | mutation]
  2366 | D:4      | Gained mutation: You sometimes lose the ability to read
                  | scrolls when taking damage. [potion of mutation]
  2366 | D:4      | Gained mutation: Your flesh is cold resistant. (rC+)
                  | [potion of mutation]
  2371 | D:4      | Killed a centaur
  2372 | D:4      | Reached XP level 6. HP: 17/39 MP: 6/6
  2390 | D:4      | Noticed an ice beast
  2846 | D:4      | Found a blossoming altar of Fedhas.
  2908 | D:4      | Killed an ice beast
  2909 | D:4      | Reached skill level 5 in Fighting
  2909 | D:4      | Reached skill level 5 in Armour
  2909 | D:4      | Reached XP level 7. HP: 38/44 MP: 7/7
  3080 | D:4      | Found a white marble altar of Elyvilon.
  3228 | D:4      | Noticed Menkaure
  3230 | D:4      | Noticed a hornet
  3479 | D:4      | Killed a hornet
  3480 | D:4      | Reached skill level 5 in Axes
  3491 | D:4      | Killed Menkaure
  3857 | D:5      | Entered Level 5 of the Dungeon
  4160 | D:5      | Found a staircase to the Ecumenical Temple.
  4179 | Temple   | Entered the Ecumenical Temple
  4200 | Temple   | Became a worshipper of the Shining One
  4234 | D:5      | Reached XP level 8. HP: 17/51 MP: 8/8
  4440 | D:5      | Lost mutation: Your flesh is cold resistant. (rC+) [potion
                  | of mutation]
  4440 | D:5      | Lost mutation: You have sharp fingernails. [potion of
                  | mutation]
  4440 | D:5      | Gained mutation: Your movements are slightly less
                  | encumbered by armour. (ER -2) [potion of mutation]
  4440 | D:5      | Gained mutation: Your spells are a little easier to cast,
                  | but a little less powerful. [potion of mutation]
  4453 | D:5      | Found an ornate altar of the Wu Jian Council.
  4913 | D:5      | Identified a scroll of acquirement
  4913 | D:5      | Acquired a manual of Armour
  5086 | D:6      | Noticed Blork the orc
  5094 | D:6      | Killed Blork the orc
  5116 | D:6      | Noticed Maggie
  5130 | D:6      | Killed Maggie
  5383 | D:6      | Reached XP level 9. HP: 51/55 MP: 9/9
  5777 | D:6      | Found a runed translucent door.
  5784 | D:6      | Noticed Crazy Yiuf
  5790 | D:6      | Killed Crazy Yiuf
  5943 | D:6      | Found the +1 Delatra's gloves {ID++}
  6023 | D:6      | Reached * piety under the Shining One
  6746 | D:7      | Found a burning altar of Makhleb.
  6746 | D:7      | Noticed a cacodemon
  7004 | D:7      | Reached skill level 10 in Armour
  7137 | D:7      | Found a shimmering blue altar of Sif Muna.
  7141 | D:7      | Found a shadowy altar of Dithmenos.
  7286 | D:8      | Found Cheibriados's Comfort Zone.
  7287 | D:8      | Found a snail-covered altar of Cheibriados.
  7364 | D:8      | Found a transporter.
  7364 | D:8      | Noticed a yaktaur
  7366 | D:8      | Found a transporter.
  7366 | D:8      | Noticed a tarantella
  7366 | D:8      | Reached ** piety under the Shining One
  7367 | D:8      | Noticed a two-headed ogre
  7367 | D:8      | Noticed a freezing wraith
  7390 | D:8      | Noticed Psyche
  7392 | D:8      | Noticed a hornet
  7401 | D:8      | Killed Psyche
  7413 | D:8      | Killed a hornet
  7414 | D:8      | Reached skill level 10 in Axes
  7414 | D:8      | Reached XP level 10. HP: 27/60 MP: 10/10
  7598 | D:8      | Noticed a mana viper
  7600 | D:8      | Found a hide-covered altar of Uskayaw.
  7723 | D:8      | Found an ancient bone altar of Kikubaaqudgha.
  7832 | D:8      | Found a radiant altar of Vehumet.
  7843 | D:8      | Found a basalt altar of Yredelemnul.
  8043 | D:8      | Noticed a manticore
  8043 | D:8      | Noticed a manticore
  8066 | D:8      | Killed a manticore
  8072 | D:8      | Killed a manticore
  8283 | D:8      | Identified the +1 plate armour of Prudence {Dex+6}
  8283 | D:8      | Found the +7 pair of quick blades "Gyre" and "Gimble"
                  | {protect}
  8290 | D:8      | Got the Handbook of Gliding Creation
  8364 | D:8      | Noticed a two-headed ogre
  8378 | D:8      | Killed a two-headed ogre
  8973 | D:9      | Acquired the +5 battleaxe of the Wheel {elec, rCorr Str+3
                  | Dex+7}
  9074 | D:9      | Found a snail-covered altar of Cheibriados.
  9078 | D:9      | Noticed a four-headed hydra
  9101 | D:9      | Killed a four-headed hydra
  9264 | D:9      | Found a flagged portal.
  9293 | Bailey   | Entered a bailey
  9383 | Bailey   | Noticed an orc knight
  9384 | Bailey   | Found a bloodstained altar of Trog.
  9400 | Bailey   | Reached XP level 11. HP: 40/64 MP: 12/12
  9401 | Bailey   | Killed an orc knight
  9659 | D:9      | Found a sparkling altar of Nemelex Xobeh.
  9711 | D:9      | Noticed Grum
  9749 | D:9      | Noticed Grum
  9749 | D:9      | Grum changed into Grum the hobgoblin
  9758 | D:9      | Killed Grum the hobgoblin
 10419 | D:10     | Entered Level 10 of the Dungeon
 10420 | D:10     | Found an iron altar of Okawaru.
 10430 | D:10     | Noticed a two-headed ogre
 10444 | D:10     | Killed a two-headed ogre
 10482 | D:10     | Noticed Nergalle
 10763 | D:10     | Noticed Gastronok
 10811 | D:10     | Killed Gastronok
 11021 | D:10     | Reached skill level 5 in Invocations
 11044 | D:10     | Found a staircase to the Lair.
 11073 | D:10     | Noticed a spectral orc warlord
 11077 | D:10     | Killed Nergalle
 11394 | D:10     | Found a bloodstained altar of Trog.
 11418 | D:10     | Reached *** piety under the Shining One
 11537 | D:10     | Noticed a two-headed ogre
 11545 | D:10     | Killed a two-headed ogre
 11546 | D:10     | Reached skill level 15 in Armour
 11833 | D:10     | Reached XP level 12. HP: 70/70 MP: 16/16
 13761 | D:12     | Found a runed translucent door.
 13855 | D:12     | Found a staircase to the Orcish Mines.
 13902 | D:12     | Noticed Joseph
 13914 | D:12     | Killed Joseph
 14263 | D:12     | Reached **** piety under the Shining One
 14446 | D:12     | Noticed a two-headed ogre
 14449 | D:12     | Killed a two-headed ogre
 15157 | D:12     | Noticed a green very ugly thing
 15222 | D:13     | Noticed a centaur warrior
 15404 | D:13     | Noticed a seven-headed hydra
 15412 | D:13     | Killed a seven-headed hydra
 15640 | D:13     | Noticed a centaur warrior
 15653 | D:13     | Killed a centaur warrior
 15789 | D:13     | Reached XP level 13. HP: 64/74 MP: 19/19
 15947 | D:13     | Reached skill level 15 in Axes
 16324 | D:13     | Reached ***** piety under the Shining One
 17106 | D:13     | Found a gate to the Vaults.
 17364 | Lair:1   | Entered Level 1 of the Lair of Beasts
 17446 | Orc:1    | Entered Level 1 of the Orcish Mines
 17698 | Orc:1    | Noticed Jorgrun
 17713 | Orc:1    | Killed Jorgrun
 18023 | Orc:1    | Found Rien's Armour Shop.
 18119 | Orc:2    | Entered Level 2 of the Orcish Mines
 18411 | Orc:2    | HP: 3/74 [orc warrior (15)]
 18943 | D:2      | Bought a scroll of enchant weapon for 105 gold pieces
 18943 | D:2      | Bought a scroll of acquirement for 728 gold pieces
 18943 | D:2      | Bought a scroll of fear for 49 gold pieces
 18943 | D:2      | Bought a scroll of magic mapping for 49 gold pieces
 18943 | D:2      | Acquired the amulet "Fomycico" {Spirit rF+ rC+ Str-3}
 19798 | Orc:2    | Found a staircase to the Elven Halls.
 19888 | Orc:2    | Reached skill level 10 in Invocations
 20186 | Orc:2    | Gained mutation: Your large and strong wings let you fly.
                  | [Gargoyle growth]
 20186 | Orc:2    | Reached XP level 14. HP: 78/80 MP: 18/21
 20187 | Orc:2    | Identified the +2 hat "Luc Donur" {rF+ Int+5}
 20293 | Orc:2    | Found Zite's Antique Armour Emporium.
 20312 | Orc:2    | Bought a pair of ichor-stained boots for 304 gold pieces
 20312 | Orc:2    | Identified the -5 pair of boots of Effemues {Regen+ Int+4}
                  | (You bought it in a shop on level 2 of the Orcish Mines)
 20331 | Orc:2    | Found a radiant altar of Vehumet.
 20332 | Orc:2    | Noticed Erolcha
 20342 | Orc:2    | Killed Erolcha
 20345 | Orc:2    | Paralysed by an orc sorcerer for 3 turns
 20397 | Orc:2    | Found an ancient bone altar of Kikubaaqudgha.
 20418 | Orc:2    | Found Luan's Book Shoppe.
 20422 | Orc:2    | Found Tocith's Magic Scroll Emporium.
 20428 | Orc:2    | Gained mutation: You are weak. (Str -2) [a neqoxec]
 20498 | Orc:2    | Found Ikhabbip's Magic Scroll Shoppe.
 20706 | Lair:1   | Identified the +3 ring mail of Ziklufo {rN+ Will++}
 21533 | Lair:2   | Found a staircase to the Swamp.
 21903 | Lair:2   | Noticed Urug
 21914 | Lair:2   | Killed Urug
 22380 | Lair:3   | Noticed Fannar
 22391 | Lair:3   | Killed Fannar
 22477 | Lair:3   | Noticed Rupert
 22479 | Lair:3   | Paralysed by Rupert for 3 turns
 22493 | Lair:3   | Killed Rupert
 22837 | Lair:3   | Found a hole to the Spider Nest.
 23284 | Lair:4   | Reached XP level 15. HP: 71/84 MP: 18/23
 23473 | Lair:4   | Identified the +1 plate armour of Awelanki {Will+ rCorr
                  | Dex+3 Stlth-}
 24279 | Lair:5   | Reached ****** piety under the Shining One
 24293 | Lair:5   | Found a dark tunnel.
 24301 | Volcano  | Entered a volcano
 25218 | Orc:2    | Bought a scroll of acquirement for 832 gold pieces
 25218 | Orc:2    | Acquired a +1 pair of boots of rampaging
 25409 | Lair:6   | Entered Level 6 of the Lair of Beasts
 25447 | Lair:6   | Found a gate leading to a gauntlet.
 25471 | Gauntlet | Entered a Gauntlet
 25471 | Gauntlet | Found a transporter.
 25474 | Gauntlet | Found a transporter.
 25477 | Gauntlet | Found a transporter.
 25479 | Gauntlet | Found a transporter.
 25480 | Gauntlet | Found a transporter.
 25483 | Gauntlet | Found a transporter.
 25484 | Gauntlet | Found a runed translucent door.
 25488 | Gauntlet | Found a transporter.
 25489 | Gauntlet | Found a transporter.
 25492 | Gauntlet | Found a runed translucent door.
 25511 | Gauntlet | Found a transporter.
 25515 | Gauntlet | Found a transporter.
 25519 | Gauntlet | Found a transporter.
 25527 | Gauntlet | Found a transporter.
 25614 | Gauntlet | Identified the +2 pair of gloves of Veorekh {Contam Regen+
                  | Int+6}
 25843 | Lair:6   | Identified the +5 dagger of the Apocalypse {flame, rElec
                  | rF+}
 26029 | Lair:6   | Found a shadowy altar of Dithmenos.
 26111 | Lair:6   | Got the Catalogue of Toxic Necromancy
 26617 | Lair:6   | Found a burning altar of Makhleb.
 26636 | Lair:6   | Found a gateway to Hell.
 26644 | Lair:6   | Identified the -4 helmet of the Devil's Team {Str+2 Dex+4}
 26749 | Lair:6   | Found a staircase to the Slime Pits.
 27237 | D:14     | Reached XP level 16. HP: 76/88 MP: 19/25
 27306 | D:14     | Noticed Louise
 27325 | D:14     | Killed Louise
 27936 | D:15     | Entered Level 15 of the Dungeon
 28352 | D:15     | Noticed Nessos
 28368 | D:15     | Killed Nessos
 28487 | D:15     | Noticed Azrael
 28511 | D:15     | Killed Azrael
 28538 | D:15     | Found Ubier's Jewellery Emporium.
 28548 | D:15     | Acquired the ring "Addedd" {rElec rCorr Str-2 Int+3 SInv}
 28604 | D:15     | Identified Roxanne's Catalogue of Clay
 28604 | D:15     | Noticed Roxanne
 28626 | D:15     | Killed from afar by Roxanne

Illustrated notes

Levels and vault maps discovered:
D:1:      kb_arrival_jail, layout_rooms, ebering_ecumenical_altar_sacrificial
D:2:      layout_basic, serial_shops, shop_fountains
D:3:      layout_rooms, nicolae_ashenzari_panopticon, serial_shops,
          nicolae_shop_behind_doors, ebering_ghost_sewer_d, lemuel_old_faithful
D:4:      layout_loops_ring, elyvilon_altar_3, lemuel_coloured_pillars_altar,
          uniq_menkaure
D:5:      layout_rooms, nzn_wu_jian_contemplation,
          minmay_temple_entry_overgrown, serial_bayou_pond_e
D:6:      layout_rooms, minmay_large_rounded_square, roderic_batcave,
          pf_guarded_unrand_delatra, uniq_blork_the_orc, uniq_maggie,
          uniq_crazy_yiuf_cottage
D:7:      kennysheep_slugbush, layout_rooms, makhleb_altar_promises_db,
          grunt_temple_overflow_open
D:8:      layout_loops_ring, gammafunk_temple_overflow_arena,
          nicolae_overflow_crystal_walls, amethyst_overflow_temple_binary,
          minmay_shop_chei, minmay_the_grid_2x2 [minmay_the_grid_broken_lines,
          minmay_the_grid_mess, minmay_the_grid_spin_star,
          minmay_the_grid_prize_diamond_cup], uniq_psyche
D:9:      layout_stronghold, nemelex_xobeh_ov_fountains_minmay,
          mainiacjoe_overflow_surrounded_room, enter_bailey_5, uniq_grum
D:10:     layout_small_grid, nicolae_overflow_hidden_temple,
          general_overflow_altar, minmay_lair_entry_grove, uniq_nergalle,
          uniq_gastronok
D:11:     layout_stronghold
D:12:     cheibrodos_body_horror, layout_small_grid, hiddenorc2_lemuel,
          serial_rivers, chequers_serial_rivers_marsh,
          chequers_serial_rivers_micro_d, chequers_serial_rivers_micro_e,
          chequers_serial_rivers_large_a, chequers_serial_rivers_small_b,
          chequers_serial_rivers_micro_b, minmay_sticks_and_stones
D:13:     layout_roguey, david_vaults_4, serial_bayou, serial_bayou_pond_d,
          serial_bayou_shore_a, serial_bayou_pond_d, serial_bayou_ford_a
D:14:     layout_basic, uniq_louise
D:15:     grunt_enter_depths_magical_seal, layout_basic,
          minmay_misc_feat_diagonals, serial_shops, shop, nicolae_diamond_shop,
          pond, uniq_nessos, uniq_azrael, uniq_roxanne
Temple:   corrupted_temple
Lair:1:   layout_concentric_octagons, minivault_26, st_stairs_11,
          lemuel_fruit_tree, grunt_megastairs_4
Lair:2:   layout_long_grid, minmay_swamp_entry_swarm, nicolae_lair_lindhole,
          grunt_megastairs_5, uniq_urug
Lair:3:   layout_concentric_octagons, spider_nest_entry_a, minivault_23,
          grunt_megastairs_3, uniq_fannar, uniq_rupert
Lair:4:   layout_regular_city
Lair:5:   layout_cave_shapes, nicolae_volcano_entry_hallway
Lair:6:   evil_forest, layout_cave_pods, minmay_slime_entry_oklob_enclosed,
          basic_altar, gauntlet_entry_generic
Orc:1:    layout_caves, serial_shops, nicolae_shop_trees, uniq_jorgrun
Orc:2:    kennysheep_orc_mage_school, layout_caves, hangedman_minor_magic

Skill      XL: |  1  2  3  4  5  6  7  8  9 10 11 12 13 14 15 16 |
---------------+-------------------------------------------------+-----
Axes           | 2 3 4 5 7 10 11 13 14 16 17 18 19 | 19.2
Fighting       | 4 5 6 |  6.0
Armour         | 4 5 8 11 13 15 16 17 18 19 | 19.4
Invocations    | 2 5 8 10 11 13 | 13.7
Shields        | |  3.2

Action                   |  1- 3 |  4- 6 |  7- 9 | 10-12 | 13-15 | 16-18 || total
-------------------------+-------+-------+-------+-------+-------+-------++-------
Melee: War axe           |   116 |   105 |   348 |    99 |       |       ||   668
       Battleaxe         |       |       |       |   352 |   907 |   204 ||  1463
       Morningstar       |       |       |       |    15 |    38 |       ||    53
       Punch             |       |       |       |       |     4 |       ||     4
Throw: Boomerang         |       |       |       |     5 |       |       ||     5
Invok: Divine Shield     |       |       |       |     2 |     4 |       ||     6
       Summon Divine War |       |       |       |       |     2 |     1 ||     3
Evoke: Wand              |       |       |       |     8 |     2 |       ||    10
       Box of beasts     |       |       |       |     1 |     1 |       ||     2
  Use: Potion            |       |     2 |     4 |     7 |     9 |     2 ||    24
       Scroll            |       |       |     8 |     9 |     5 |     1 ||    23
Armor: Scale mail        |    55 |       |       |       |       |       ||    55
       Chain mail        |    47 |    90 |   267 |    38 |       |       ||   442
       Plate armour      |       |       |       |   364 |   312 |       ||   676
       Skin              |       |       |       |     4 |       |       ||     4
       Gold dragon scale |       |       |       |       |   546 |   150 ||   696
Dodge: Dodged            |    53 |    35 |   158 |   214 |   351 |    43 ||   854
Block: Buckler           |    31 |    18 |    80 |    28 |       |       ||   157
       Other             |       |       |       |       |    21 |       ||    21
